 Dungeon Crawl Stone Soup version 0.29-a0-369-gd956c00756 (webtiles) character file.

Game seed: 5118430816088227803

525 sammy202020 the Skirmisher (level 7, -5/84 HPs)
             Began as a Demonspawn Berserker on May 1, 2022.
             Was a Priest of Trog.
             Slain by an ogre
             ... wielding a +0 giant club
              (22 damage)
             ... on level 6 of the Dungeon on May 2, 2022.
             The game lasted 00:06:58 (5396 turns).

sammy202020 the Skirmisher (Demonspawn Berserker)   Turns: 5396, Time: 00:06:59

Health: -5/84      AC: 17    Str: 18    XL:     7   Next: 2%
Magic:  7/7        EV:  6    Int: 10    God:    Trog [***...]
Gold:   339        SH:  0    Dex: 12    Spells: 6/6 levels left

rFire   + . .      SeeInvis .   a - +1 hand axe
rCold   . . .      Faith    .   (no shield)
rNeg    . . .      Spirit   .   r - +2 plate armour {Will+}
rPois   .          Reflect  .   (no helmet)
rElec   .          Harm     .   h - +0 cloak
rCorr   .          Rampage  .   (no gloves)
Will    +....                   (no boots)
Stlth   ..........              (no amulet)
HPRegen 0.24/turn               j - ring of protection from fire
MPRegen 0.10/turn               (no ring)

@: berserking, very quick
A: thin metallic scales 2, weakness stinger 1
a: Renounce Religion, Berserk, Trog's Hand


You were on level 6 of the Dungeon.
You worshipped Trog.
Trog was most pleased with you.
You visited 1 branch of the dungeon, and saw 6 of its levels.

You collected 339 gold pieces.

Inventory:

Hand Weapons
 a - a +1 hand axe (weapon)
 k - a +2 quarterstaff of chaos
 o - a +0 flail
Missiles
 q - 48 stones (quivered)
Armour
 h - a +0 cloak (worn)
 r - a +2 plate armour of willpower (worn)
Jewellery
 j - a ring of protection from fire (left hand)
Wands
 l - a wand of acid (8)
Scrolls
 b - a scroll of enchant armour
 c - 3 scrolls of teleportation
 e - a scroll of torment
 f - 2 scrolls of magic mapping
 p - a scroll of enchant weapon
 t - a scroll of fog
Potions
 d - a potion of magic
 g - a potion of attraction
 i - 2 potions of haste
 n - a potion of lignification {unknown}
 u - a potion of degeneration {unknown}
 v - 2 potions of brilliance
 w - a potion of curing {unknown}
 x - a potion of cancellation {unknown}


   Skills:
 * Level 5.2 Fighting
 * Level 4.7 Axes
 + Level 3.2 Armour
 + Level 3.1 Dodging


You had 6 spell levels left.
You didn't know any spells.
Your spell library was empty.

Dungeon Overview and Level Annotations

Branches:
Dungeon (6/15)             Temple (0/1) D:4

Altars:
Gozag
Uskayaw
Xom

Shops:
D:2 (


Innate Abilities, Weirdness & Mutations

You are mostly covered in thin metallic scales. (AC +3)
You have a small tail.


Message History

You are too injured to fight recklessly!
You are too injured to fight recklessly!
You are too injured to fight recklessly!
You are too injured to fight recklessly!
You are too injured to fight recklessly!
You are too injured to fight recklessly!
You are too injured to fight recklessly!
You are too injured to fight recklessly!
You are too injured to fight recklessly!
You are too injured to fight recklessly!
You are too injured to fight recklessly!
You are too injured to fight recklessly!
You are too injured to fight recklessly!
You are too injured to fight recklessly!
You are too injured to fight recklessly!
You are too injured to fight recklessly!
Unknown command.
A red film seems to cover your vision as you go berserk!
You feel yourself moving faster!
You feel mighty! The hound bites you but does no damage.
You hit the hound.
The hound is moderately wounded.
You hit the ogre. The hound bites you but does no damage.
The ogre hits you with a +0 giant club!
* * * LOW HITPOINT WARNING * * *
You miss the hound.
The hound is moderately wounded.
You hit the ogre.
The hound bites you but does no damage. x2
You barely miss the hound.
The hound is moderately wounded.
You hit the ogre. The ogre barely misses you.
The hound bites you but does no damage.
You barely miss the ogre.
The ogre is severely wounded.
You hit the hound. The hound bites you but does no damage.
You hit the ogre.
The ogre is almost dead.
You hit the hound. You hit the iguana.
The ogre hits you with a +0 giant club!!
You die...

..########.##..#
..............##.#...#
..............##.#...###
..............'..#......
..!...........##........
..............##........
..............##........
......hl......##........
.....SO@......##........
.....###########........
... #........ .
#........


You could see an ogre, an iguana, a hound and an adder.

Vanquished Creatures
  A steam dragon (D:6)
  An orc warrior (D:5)
  A scorpion (D:4)
  A hound (D:5)
  Crazy Yiuf (D:3)
  An iguana (D:4)
  Terence (D:3)
  A gnoll (D:1)
  2 adders
  A white imp (D:5)
  A worm (D:3)
  2 dart slugs
  9 orcs
  2 bats
  6 endoplasms
  3 giant cockroaches
  11 goblins
  3 hobgoblins
  5 jackals
  9 kobolds
  4 quokkas
  9 ball pythons
  2 frilled lizards (D:1)
  8 rats
85 creatures vanquished.

Notes
Turn   | Place    | Note
-------+----------+-------------------------------------------
     0 | D:1      | sammy202020 the Demonspawn Berserker began the quest for
                  | the Orb.
     0 | D:1      | Reached XP level 1. HP: 18/18 MP: 1/1
   195 | D:1      | Gained mutation: You are partially covered in thin metallic
                  | scales. (AC +2) [demonic ancestry]
   195 | D:1      | Reached XP level 2. HP: 22/24 MP: 2/2
   979 | D:1      | Gained mutation: You have a small tail. [demonic ancestry]
   979 | D:1      | Reached XP level 3. HP: 22/29 MP: 3/3
  1179 | D:1      | Found a faded altar of an unknown god.
  1317 | D:1      | Reached ** piety under Trog
  1585 | D:2      | Found Penkuch's Weapon Shop.
  2290 | D:3      | Gained mutation: You are mostly covered in thin metallic
                  | scales. (AC +3) [demonic ancestry]
  2290 | D:3      | Reached XP level 4. HP: 32/37 MP: 4/4
  2295 | D:3      | Found a runed translucent door.
  2296 | D:3      | Noticed Crazy Yiuf
  2308 | D:3      | Killed Crazy Yiuf
  2709 | D:3      | Reached skill level 4 in Fighting
  2824 | D:3      | Found an opulent altar of Gozag.
  2918 | D:3      | Noticed Terence
  2939 | D:3      | Killed Terence
  2940 | D:3      | Reached XP level 5. HP: 15/42 MP: 5/5
  3828 | D:4      | Found a staircase to the Ecumenical Temple.
  3866 | D:4      | Found a hide-covered altar of Uskayaw.
  4421 | D:5      | Entered Level 5 of the Dungeon
  4432 | D:5      | Reached *** piety under Trog
  4478 | D:5      | Reached XP level 6. HP: 32/49 MP: 6/6
  4511 | D:5      | Noticed an orc warrior
  4524 | D:5      | Killed an orc warrior
  4535 | D:5      | Found a shimmering altar of Xom.
  4968 | D:5      | Reached skill level 5 in Fighting
  5209 | D:6      | Noticed a steam dragon
  5221 | D:6      | Killed a steam dragon
  5222 | D:6      | Reached XP level 7. HP: 34/56 MP: 7/7
  5396 | D:6      | Slain by an ogre

Illustrated notes

Levels and vault maps discovered:
D:1:      nzn_arrival_water_spiral, layout_basic, ebering_ecumenical_altar_hall,
          minmay_3d_cube
D:2:      layout_rooms, serial_shops, shop
D:3:      layout_loops_cross, nicolae_gozag_seed_capital, hangedman_decor_push,
          uniq_crazy_yiuf_cottage, uniq_terence
D:4:      layout_rooms, nicolae_uskayaw_suspiria,
          minmay_temple_entry_sparse_star
D:5:      layout_basic, lemuel_tele_altar
D:6:      layout_basic

Skill      XL: |  1  2  3  4  5  6 |
---------------+-------------------+-----
Axes           | 3 4 |  4.7
Armour         | 2 3 |  3.2
Dodging        | 2 3 |  3.1
Fighting       | 4 5 |  5.2

Action                   |  1- 3 |  4- 6 |  7- 9 || total
-------------------------+-------+-------+-------++-------
Melee: Hand axe          |   135 |   147 |     8 ||   290
       Tailslap          |     3 |    21 |       ||    24
       Punch             |       |     1 |       ||     1
Invok: Berserk           |     1 |     4 |     1 ||     6
       Trog's Hand       |       |     1 |       ||     1
  Use: Scroll            |     7 |     8 |       ||    15
Armor: Animal skin       |     3 |       |       ||     3
       Ring mail         |    53 |    57 |       ||   110
       Plate armour      |       |    15 |     8 ||    23
Dodge: Dodged            |    97 |    85 |     4 ||   186

Table legend: (Time is in decaauts)
 A = Elapsed time spent in this place.
 B = Non-inter-level travel time spent in this place.
 C = Inter-level travel time spent in this place.
 D = Time resting spent in this place.
 E = Time spent auto-exploring this place.
 F = Levels seen in this place.
 G = Mean time per level.
                   A        B        C        D        E       F      G
               +--------+--------+--------+--------+--------+-----+--------+
         Total |   5485 |   5427 |     58 |    880 |   3802 |   6 |  914.2 |
       Dungeon |   5485 |   5427 |     58 |    880 |   3802 |   6 |  914.2 |
               +--------+--------+--------+--------+--------+-----+--------+

Top non-repeatable levels by time:
     D:1: 1595 daAuts
     D:3: 1474 daAuts
     D:4: 771 daAuts
     D:5: 658 daAuts
     D:2: 655 daAuts
     D:6: 330 daAuts
